 Dungeon Crawl Stone Soup version 0.21-a0-274-gc1afaeb (webtiles) character file.

4516 Jeffwins the Firebug (level 10, -4/63 HPs)
             Began as an Octopode Fire Elementalist on Sept 19, 2017.
             Was a Follower of Vehumet.
             Slain by a two-headed ogre
             ... wielding a +0 giant club
              (31 damage)
             ... on level 7 of the Dungeon.
             The game lasted 00:23:51 (10050 turns).

Jeffwins the Firebug (Octopode Fire Elementalist)  Turns: 10050, Time: 00:23:52

Health: -4/63      AC:  1    Str:  8    XL:     10   Next: 39%
Magic:  6/17       EV: 19    Int: 21    God:    Vehumet [*.....]
Gold:   289        SH:  0    Dex: 14    Spells: 4/19 levels left

rFire    . . .     SeeInvis +   y - +5 long sword of Ocouv {venom, SInv}
rCold    . . .     Gourm    .   (no shield)
rNeg     . . .     Faith    .   (helmet restricted)
rPois    .         Spirit   .   (no amulet)
rElec    .         Reflect  .   q - +2 ring of dexterity
rCorr    .         Harm     .   z - +4 ring of evasion
MR       .....                  B - ring of flight
Stlth    ++++......             (no ring)
HPRegen  0.20/turn              (no ring)
MPRegen  0.15/turn              (no ring)
                                (no ring)
                                (no ring)

@: no status effects
A: almost no armour, stealthy swim, amphibious, 8 rings, constrict 8, camouflage
1, gelatinous body 1
a: Renounce Religion, Evoke Flight


You were on level 7 of the Dungeon.
You worshipped Vehumet.
Vehumet was aware of your devotion.
You were hungry.

You visited 2 branches of the dungeon, and saw 9 of its levels.
You also visited: Ossuary.

You collected 289 gold pieces.

Inventory:

Hand Weapons
 g - a +4 dagger
 x - the +8 hand axe of the Tent {antimagic, Dex+7}
   (You found it on level 4 of the Dungeon)

   It reduces the magical energy of the wielder, and disrupts the spells and
   magical abilities of those hit.
   Natural abilities and divine invocations are not affected.
   It affects your dexterity (+7).
 y - the +5 long sword of Ocouv (weapon) {venom, SInv}
   (You found it on level 6 of the Dungeon)

   It poisons the flesh of those it strikes.
   It lets you see invisible.
Jewellery
 q - a +2 ring of dexterity (left tentacle)
 z - a +4 ring of evasion (right tentacle)
 B - a ring of flight (on tentacle)
Wands
 m - a wand of digging (15/24)
Scrolls
 c - a scroll of noise {unknown}
 d - 9 scrolls of remove curse {unknown}
 e - 9 scrolls of teleportation {unknown}
 f - 4 scrolls of enchant weapon {unknown}
 h - 3 scrolls of immolation {unknown}
 i - 15 scrolls of identify {unknown}
 j - a scroll of enchant armour {unknown}
 p - 3 scrolls of amnesia {unknown}
 r - a scroll of fear {unknown}
 v - a scroll of recharging {unknown}
Potions
 k - 2 potions of haste
 l - a potion of flight
 s - a potion of resistance {unknown}
 t - a potion of invisibility {unknown}
 u - 3 potions of curing {unknown}
 A - a potion of brilliance
Books
 a - a book of Flames

   Spells                             Type                      Level
   a - Flame Tongue                   Conjuration/Fire             1
   b - Throw Flame                    Conjuration/Fire             2
   c - Conjure Flame                  Conjuration/Fire             3
   d - Inner Flame                    Hexes/Fire                   3
   e - Sticky Flame                   Conjuration/Fire             4
   f - Fireball                       Conjuration/Fire             5
 o - a book of Minor Magic

   Spells                             Type                      Level
   a - Magic Dart                     Conjuration                  1
   b - Blink                          Translocation                2
   c - Call Imp                       Summoning                    2
   d - Slow                           Hexes                        2
   e - Conjure Flame                  Conjuration/Fire             3
   f - Mephitic Cloud                 Conjuration/Poison/Air       3
Comestibles
 b - 5 bread rations
 w - 2 meat rations


   Skills:
 + Level 3.7 Fighting
 + Level 2.0 Long Blades
 + Level 4.8 Dodging
 + Level 6.4 Stealth
 + Level 5.2 Spellcasting
 * Level 7.2 Conjurations
 + Level 1.6 Translocations
 * Level 7.7 Fire Magic
 + Level 1.8 Air Magic
 + Level 3.0 Poison Magic
 + Level 4.0 Evocations


You had 4 spell levels left.
You knew the following spells:

 Your Spells              Type           Power        Failure   Level  Hunger
a - Flame Tongue          Conj/Fire      #####        1%          1    None
b - Sticky Flame          Conj/Fire      #####...     4%          4    ####...
c - Fireball              Conj/Fire      #####.....   13%         5    #####..
d - Blink                 Tloc           N/A          9%          2    None
e - Mephitic Cloud        Conj/Pois/Air  ###.....     6%          3    ##.....


Dungeon Overview and Level Annotations

Branches:
Dungeon (8/15)             Temple (1/1) D:4
   Lair: D:8-11

Altars:
Cheibriados
Dithmenos
Elyvilon
Fedhas
Gozag
Hepliaklqana
Kikubaaqudgha
Makhleb
Nemelex Xobeh
Qazlal
Ru
Sif Muna
Trog
Uskayaw
Vehumet
Wu Jian
Xom
Zin
The Shining One

Shops:
D:4 =   D:5 [


Innate Abilities, Weirdness & Mutations

You cannot wear most types of armour.
You are very stealthy in the water. (Stealth+)
You are amphibious.
You can wear up to eight rings at the same time.
You can use your tentacles to constrict eight enemies at once.
Your skin changes colour to match your surroundings (Stealth+).
Your rubbery body absorbs attacks. (AC +1, EV +1)


Message History

There is a stone staircase leading down here.
Unknown command.
Unknown command.
Unknown command.
Unknown command.
Okay, then.
You hit the adder. You grab the adder.
The adder is severely wounded.
You constrict the adder. The adder bites you.
The two-headed ogre closely misses you.
The two-headed ogre completely misses you.
You hit the adder but do no damage.
The adder is almost dead.
You constrict the adder.
You kill the adder!
Vehumet accepts your kill. Vehumet offers you knowledge of Shock.
You feel your power returning.
The two-headed ogre hits you with a giant club!!
You die...

#......<.....#
####.######### #.#
#.# ######### #.#
#)....... #.#
#.####### #.# #.#
#.# #.# #@# #.#
#O########.#
#h...[.....##
#####รท.#.#..######
#.............
#..#.#.#######
#.........#
#.#...###.#
#.#...###.##


You could see a two-headed ogre and a jackal.

Vanquished Creatures
  A two-headed ogre (D:6)
  The ghost of mibe the Conjurer, a novice MfCj (D:5)
  A water moccasin (D:6)
  3 sky beasts
  6 ogres
  2 phantoms
  3 centaurs
  6 bullfrogs
  An elf skeleton (D:4)
  A scorpion (D:6)
  10 killer bees (D:7)
  3 wights (D:6)
  2 howler monkeys (D:5)
  2 hounds
  2 orc priests
  A human zombie (D:4)
  10 orc wizards
  2 centaur skeletons
  Jessica (D:3)
  4 iguanas
  3 worker ants
  5 big kobold zombies (Ossuary)
  A mummy (Ossuary)
  2 howler monkey zombies (D:6)
  A worker ant zombie (D:3)
  10 gnolls
  11 adders
  2 oozes
  2 adder skeletons
  6 dart slugs
  2 leopard geckos
  20 orcs
  4 spectral bats (Ossuary)
  12 bats
  8 giant cockroaches
  10 goblins
  10 hobgoblins
  7 jackals
  11 kobolds
  5 quokkas
  2 ball pythons
  5 bat simulacra (Ossuary)
  4 frilled lizards
  7 gnoll zombies (Ossuary)
  2 goblin simulacra (Ossuary)
  5 goblin zombies (Ossuary)
  2 hobgoblin zombies (Ossuary)
  4 kobold simulacra (Ossuary)
  2 kobold zombies (Ossuary)
  A leopard gecko skeleton (D:7)
  2 orc skeletons (D:4)
  9 orc zombies
  7 rats
  4 rat simulacra (Ossuary)
  4 spectral goblins (Ossuary)
  2 spectral kobolds (Ossuary)
  4 spectral rats (Ossuary)
260 creatures vanquished.

Vanquished Creatures (others)
  A hobgoblin zombie (Ossuary)
  A kobold zombie (Ossuary)
2 creatures vanquished.

Grand Total: 262 creatures vanquished

Notes
Turn   | Place    | Note
-------+----------+-------------------------------------------
     0 | D:1      | Jeffwins the Octopode Fire Elementalist began the quest for the Orb.
     0 | D:1      | Reached XP level 1. HP: 11/11 MP: 3/3
   389 | D:1      | Reached XP level 2. HP: 10/17 MP: 5/5
   740 | D:1      | Reached XP level 3. HP: 14/21 MP: 6/6
  1353 | D:2      | Reached XP level 4. HP: 22/27 MP: 7/7
  1433 | D:2      | Learned a level 4 spell: Sticky Flame
  2179 | D:3      | Noticed Jessica
  2183 | D:3      | Killed Jessica
  2183 | D:3      | Reached XP level 5. HP: 31/31 MP: 9/9
  2609 | D:4      | Found a stormy altar of Qazlal.
  2655 | D:4      | Found a blossoming altar of Fedhas.
  2670 | D:4      | Found Eschemem's Jewellery Emporium.
  2697 | D:4      | Noticed a phantom
  2717 | D:4      | Killed a phantom
  2717 | D:4      | Reached XP level 6. HP: 23/36 MP: 0/11
  2899 | D:4      | Reached skill level 5 in Fire Magic
  2962 | D:4      | Found a sand-covered staircase.
  2967 | Ossuary  | Entered an ossuary
  2978 | Ossuary  | Learned a level 5 spell: Fireball
  3307 | Ossuary  | Reached XP level 7. HP: 35/41 MP: 12/12
  4433 | D:4      | Got a twisted hand axe
  4434 | D:4      | Identified the +8 hand axe of the Tent {antimagic, Dex+7} (You found it on level 4 of the Dungeon)
  4632 | D:4      | Reached skill level 1 in Evocations
  4644 | D:4      | Reached skill level 1 in Fighting
  4761 | D:4      | Found a staircase to the Ecumenical Temple.
  4773 | Temple   | Entered the Ecumenical Temple
  4821 | Temple   | Became a worshipper of Vehumet
  5156 | D:5      | Entered Level 5 of the Dungeon
  5258 | D:5      | Reached XP level 8. HP: 48/48 MP: 7/14
  5622 | D:5      | Noticed mibe's ghost (novice MfCj)
  5680 | D:5      | Killed mibe's ghost
  5680 | D:5      | Reached skill level 5 in Conjurations
  5800 | D:5      | Found Sato's Antique Armour Emporium.
  5864 | D:5      | Found a shimmering altar of Xom.
  5867 | D:5      | Found a snail-covered altar of Cheibriados.
  5870 | D:5      | Found a glowing silver altar of Zin.
  5873 | D:5      | Found a shadowy altar of Dithmenos.
  5905 | D:5      | Reached * piety under Vehumet
  5905 | D:5      | Offered knowledge of Freeze by Vehumet.
  6421 | D:6      | Reached skill level 5 in Stealth
  6545 | D:6      | Reached XP level 9. HP: 55/55 MP: 8/15
  7341 | D:6      | Learned a level 2 spell: Blink
  7345 | D:6      | Learned a level 3 spell: Mephitic Cloud
  7946 | D:6      | Reached skill level 1 in Poison Magic
  8005 | D:6      | Got a scorched long sword
  8006 | D:6      | Identified the +5 long sword of Ocouv {venom, SInv} (You found it on level 6 of the Dungeon)
  8099 | D:6      | Noticed a two-headed ogre
  8114 | D:6      | Killed a two-headed ogre
  8114 | D:6      | Reached skill level 1 in Long Blades
  8114 | D:6      | Reached skill level 5 in Spellcasting
  8114 | D:6      | Reached skill level 1 in Translocations
  8114 | D:6      | Reached skill level 1 in Air Magic
  8645 | D:7      | Reached XP level 10. HP: 63/63 MP: 12/17
 10040 | D:8      | Noticed a two-headed ogre
 10050 | D:7      | Offered knowledge of Shock by Vehumet.
 10050 | D:7      | Slain by a two-headed ogre

Vault maps used:
D:1:      zelgadis_glass_arrival_small
D:3:      minmay_misc_feat_cross, minmay_checkerbox, uniq_jessica
D:4:      grunt_temple_overflow_forces_of_nature,
          minmay_temple_entry_glassed_door, serial_shops,
          nicolae_shop_behind_doors, nicolae_ossuary_entry_catacombs,
          first_bread
D:5:      grunt_temple_overflow_cloverleaf, serial_shops,
          nicolae_shop_behind_doors
D:7:      serial_glass, glass_columns_c, glass_columns_a
D:8:      okawaru_humans, evilmike_ruin_ashenzari, marbit_many_paths
Temple:   cyrus_circular_temple
Ossuary:  ossuary_zaba_two_paths

Skill      XL: |  1  2  3  4  5  6  7  8  9 10 |
---------------+-------------------------------+-----
Conjurations   | 2 3 4 5 6 7 |  7.2
Fire Magic     | 4 5 6 7 |  7.7
Spellcasting   | 3 4 5 |  5.2
Stealth        | 3 5 6 |  6.4
Evocations     | 1 3 4 |  4.0
Fighting       | 1 2 3 |  3.7
Dodging        | 3 4 |  4.8
Poison Magic   | 2 3 |  3.0
Long Blades    | 1 2 |  2.0
Translocations | 1 |  1.6
Air Magic      | 1 |  1.8

Action                   |  1- 3 |  4- 6 |  7- 9 | 10-12 || total
-------------------------+-------+-------+-------+-------++-------
Melee: Short sword       |    65 |       |       |       ||    65
       Unarmed           |     3 |       |       |       ||     3
       Constrict         |    20 |    34 |    36 |    10 ||   100
       Tentacles         |     9 |    20 |    41 |    12 ||    82
       Dagger            |     4 |   137 |   120 |       ||   261
       Hand axe          |       |       |    18 |       ||    18
       Whip              |       |       |    34 |       ||    34
       Long sword        |       |       |    11 |    48 ||    59
 Cast: Flame Tongue      |    10 |    42 |    69 |    13 ||   134
       Sticky Flame      |       |     2 |    22 |     9 ||    33
       Fireball          |       |       |     2 |     5 ||     7
  Use: Potion            |       |     1 |     4 |       ||     5
 Stab: Sleeping          |     8 |    10 |    24 |     6 ||    48
       Distracted        |       |       |     1 |     1 ||     2
  Eat: Chunk             |     1 |     6 |    13 |     5 ||    25
       Bread ration      |       |       |     1 |       ||     1
       Meat ration       |       |       |     1 |       ||     1
       Royal jelly       |       |       |       |     1 ||     1
Armor: Skin              |     2 |    18 |     7 |     3 ||    30
Dodge: Dodged            |    50 |    72 |   110 |    86 ||   318
       Rpst.: Long sword |       |       |     4 |    28 ||    32

Table legend:
 A = Spawn XP
 B = Non-spawn XP
 C = Spawn XP percentage of total XP
 D = Spawn monster count
 E = Non-spawn monster count
 F = Spawn count percentage of total count
 G = Total turns spent on level
                    A         B        C        D         E        F      G
               +---------+---------+-------+---------+---------+-------+---------
         Total |       0 |    6452 |   0.0 |       0 |     260 |   0.0 | 10050
               +---------+---------+-------+---------+---------+-------+---------
           D:1 |       0 |      57 |   0.0 |       0 |      30 |   0.0 |  1156
           D:2 |       0 |      64 |   0.0 |       0 |      22 |   0.0 |   680
           D:3 |       0 |     106 |   0.0 |       0 |      24 |   0.0 |   758
           D:4 |       0 |     660 |   0.0 |       0 |      32 |   0.0 |  1297
           D:5 |       0 |    1012 |   0.0 |       0 |      25 |   0.0 |  1031
           D:6 |       0 |    2454 |   0.0 |       0 |      31 |   0.0 |  2566
           D:7 |       0 |    1853 |   0.0 |       0 |      33 |   0.0 |  1289
           D:8 |       0 |      59 |   0.0 |       0 |       5 |   0.0 |     8
       Ossuary |       0 |     187 |   0.0 |       0 |      58 |   0.0 |  1205
               +---------+---------+-------+---------+---------+-------+---------
